 Dungeon Crawl Stone Soup version 0.28-a0-649-g2b6bb2fd11 (webtiles) character file.

Game seed: 5483606889606383532

2583 nrengl the Covert (level 9, -2/39 HPs)
             Began as a Spriggan Enchanter on Oct 11, 2021.
             Was a Follower of Dithmenos.
             Slain by a six-headed hydra (13 damage)
             ... on level 7 of the Dungeon.
             The game lasted 00:17:22 (10336 turns).

nrengl the Covert (Spriggan Enchanter)             Turns: 10336, Time: 00:17:29

Health: -2/39      AC:  3    Str: 12 (13) XL:     9   Next: 32%
Magic:  18/22      EV: 17    Int: 19 (22) God:    Dithmenos [*.....]
Gold:   170        SH:  0    Dex: 16      Spells: 13/24 levels left

rFire   . . .      SeeInvis +   f - +0 dagger (elec)
rCold   . . .      Faith    .   (shield restricted)
rNeg    . . .      Spirit   .   b - +1 robe
rPois   .          Reflect  .   (helmet restricted)
rElec   .          Harm     .   (no cloak)
rCorr   .          Rampage  .   (gloves unavailable)
Will    +....                   (boots unavailable)
Stlth   ++++++....              (no amulet)
HPRegen 0.13/turn               d - +6 ring of intelligence
MPRegen 0.18/turn               g - +6 ring of strength

@: wreathed by umbra, studying Fire Magic, very quick
A: very small, no large weapons, unfitting armour, see invisible, speed 3
a: Renounce Religion


You were on level 7 of the Dungeon.
You worshipped Dithmenos.
Dithmenos was aware of your devotion.
You visited 2 branches of the dungeon, and saw 8 of its levels.

You collected 410 gold pieces.
You spent 240 gold pieces at shops.

Inventory:

Hand Weapons
 a - a +1 dagger
 f - a +0 dagger of electrocution (weapon)
Missiles
 r - a curare-tipped dart (quivered)
Armour
 b - a +1 robe (worn)
Jewellery
 d - a +6 ring of intelligence (left hand)
 g - a +6 ring of strength (right hand)
 t - a ring of resist corrosion
 w - a +6 ring of intelligence
Wands
 c - a wand of flame (11)
 x - a wand of iceblast (8)
Scrolls
 k - 4 scrolls of teleportation
 m - a scroll of silence
 n - a scroll of blinking
 p - a scroll of amnesia
 q - a scroll of enchant armour
 y - 2 scrolls of magic mapping
 z - a scroll of immolation
Potions
 e - 3 potions of haste
 j - a potion of invisibility
 l - 2 potions of might
 o - 2 potions of flight {unknown}
 s - 2 potions of attraction {unknown}
 u - a potion of heal wounds {unknown}
 v - 2 potions of brilliance {unknown}


   Skills:
 - Level 1.1 Short Blades
 - Level 2.6 Dodging
 + Level 11.1 Stealth
 + Level 8.4 Spellcasting
 + Level 8.8 Hexes
 - Level 4.7 Earth Magic


You had 13 spell levels left.
You knew the following spells:

 Your Spells              Type           Power      Damage    Failure   Level
a - Ensorcelled Hibernat  Hex/Ice        48%        N/A       2%          2
b - Tukima's Dance        Hex            41%        N/A       1%          3
c - Dazzling Flash        Conj/Hex       48%        N/A       4%          3
d - Stone Arrow           Conj/Erth      32%        3d9       10%         3

Your spell library contained the following spells:

 Spells                   Type           Power      Damage    Failure   Level
 Sandblast                Erth           50%        2d12      1%          1
 Confusing Touch          Hex            41%        N/A       1%          3
 Passwall                 Tmut/Erth      13%        N/A       4%          2
 Summon Guardian Golem    Hex/Summ       24%        N/A       4%          3
 Scorch                   Fire           16%        2d5       13%         2
 Flame Wave               Conj/Fire      8%         3d4       65%         4
 Summon Cactus Giant      Summ           4%         N/A       100%        6
 Orb of Destruction       Conj           4%         9d2       100%        7
 Spellforged Servitor     Conj/Summ      4%         N/A       100%        7


Dungeon Overview and Level Annotations

Branches:
Dungeon (7/15)             Temple (1/1) D:6

Altars:
Ashenzari
Cheibriados
Dithmenos
Fedhas
Gozag
Kikubaaqudgha
Makhleb
Nemelex Xobeh
Okawaru
Ru
Uskayaw
Vehumet
Xom
Yredelemnul
Zin
The Shining One
Lugonu

Shops:
D:4 *

Portals:
Abyss: D:3

Annotations:
D:3 2 transporters, nlnlnn's ghost, weakling SpEn


Innate Abilities, Weirdness & Mutations

You are very small and have problems with some larger weapons.
You are too small for most types of armour.
You have supernaturally acute eyesight. (SInv)
You cover ground extremely quickly. (Speed+++)


Message History

Things that are here:
a +0 robe; a ring of flight; a +4 scimitar
Things that are here:
a +0 robe; a ring of flight; a +4 scimitar You hit the centaur zombie.
The centaur zombie is heavily damaged.
The centaur zombie hits you.
The centaur zombie kicks you but does no damage.
The centaur zombie misses you. The centaur zombie barely misses you.
You hit the centaur zombie.
The centaur zombie is heavily damaged.
The centaur zombie hits you. The centaur zombie closely misses you.
You hit the centaur zombie but do no damage.
Lightning courses through the centaur zombie!
The centaur zombie is almost destroyed.
The centaur zombie hits you. The centaur zombie closely misses you.
You hit the centaur zombie.
You destroy the centaur zombie!
Dithmenos accepts your kill.
Casting: Ensorcelled Hibernation (safe; 2% risk of failure)
Confirm with . or Enter, or press ? or * to list all spells.
Aiming: Ensorcelled Hibernation (safe; 2% risk of failure)
Press: ? - help, Shift-Dir - straight line, f - six-headed hydra
Aim: a six-headed hydra (chance to affect: 21%)
The six-headed hydra resists with almost no effort.
Casting: Ensorcelled Hibernation (safe; 2% risk of failure)
Confirm with . or Enter, or press ? or * to list all spells.
Aiming: Ensorcelled Hibernation (safe; 2% risk of failure)
Press: ? - help, Shift-Dir - straight line, f/p - six-headed hydra
Aim: a six-headed hydra (chance to affect: 21%)
The six-headed hydra looks drowsy...
Things that are here:
a +0 robe; a ring of flight; a +4 scimitar The helpless six-headed hydra fails to defend itself.
You skewer the six-headed hydra like a kebab!!!
The six-headed hydra is severely wounded.
The six-headed hydra bites you! The six-headed hydra bites you.
* * * LOW HITPOINT WARNING * * *
The six-headed hydra misses you. The six-headed hydra bites you!
You die...

.. #...... ...
####......
....####........
............##
..........†..#
...####.D....#
#......## ####
#......#D# #..##
#......#@# #...##
#......#.## #....#
#.......##.# #....#
#.......##.## #.....
#.......##..# ###
#.....
.......##...###.#
##.....
#...#.##.####......
#...###.............
.....#
##.......#....


You could see a six-headed hydra.

Vanquished Creatures
  A two-headed ogre (D:6)
  A steam dragon (D:7)
  A water moccasin (D:7)
  2 orc warriors
  A black bear (D:6)
  A sky beast (D:7)
  2 ogres (D:6)
  A centaur (D:7)
  A phantom (D:5)
  A kobold brigand (D:4)
  A bullfrog (D:7)
  A wyvern zombie (D:7)
  A water moccasin zombie (D:5)
  2 wights (D:7)
  3 centaur zombies (D:7)
  2 jellies
  A hound (D:5)
  A gnoll shaman (D:6)
  Jessica (D:2)
  2 iguanas (D:6)
  2 orc wizards
  2 hound skeletons (D:4)
  Robin (D:2)
  A howler monkey zombie (D:6)
  11 gnolls
  4 adders
  A howler monkey skeleton (D:6)
  A shadow imp (D:5)
  A white imp (D:6)
  6 dart slugs
  17 orcs
  9 endoplasms
  4 giant cockroaches (D:1)
  14 goblins
  5 hobgoblins
  6 jackals (D:1)
  10 kobolds
  7 ball pythons
  6 bats
  3 frilled lizards
  9 rats
147 creatures vanquished.

Vanquished Creatures (collateral kills)
  2 wights (D:7)
  An orc (D:7)
  4 kobolds
7 creatures vanquished.

Vanquished Creatures (others)
  2 dancing weapons
2 creatures vanquished.

Grand Total: 156 creatures vanquished

Notes
Turn   | Place    | Note
-------+----------+-------------------------------------------
     0 | D:1      | nrengl the Spriggan Enchanter began the quest for the Orb.
     0 | D:1      | Reached XP level 1. HP: 9/9 MP: 5/5
   183 | D:1      | Reached XP level 2. HP: 12/13 MP: 7/7
   186 | D:1      | Learned a level 2 spell: Ensorcelled Hibernation
  1026 | D:1      | Reached XP level 3. HP: 16/16 MP: 9/9
  1030 | D:1      | Learned a level 3 spell: Tukima's Dance
  1034 | D:1      | Learned a level 3 spell: Dazzling Flash
  1714 | D:2      | Found a basalt altar of Yredelemnul.
  1749 | D:2      | Noticed Jessica
  1772 | D:2      | Killed Jessica
  1773 | D:2      | Reached skill level 5 in Hexes
  1773 | D:2      | Reached XP level 4. HP: 19/21 MP: 4/11
  2142 | D:2      | Noticed Robin
  2152 | D:2      | Killed Robin
  2456 | D:2      | Found a faded altar of an unknown god.
  2603 | D:3      | Reached XP level 5. HP: 23/24 MP: 8/13
  2605 | D:3      | Reached skill level 5 in Spellcasting
  2689 | D:3      | You fall into a shaft and drop 2 floors!
  2689 | D:5      | Entered Level 5 of the Dungeon
  2722 | D:4      | Learned a level 3 spell: Stone Arrow
  2791 | D:3      | Found a one-way gate to the infinite horrors of the Abyss.
  2898 | D:3      | Found a large runed translucent door.
  2899 | D:3      | Found a large runed translucent door.
  2899 | D:3      | Found a corrupted altar of Lugonu.
  3302 | D:4      | Found Maes's General Store.
  3310 | D:4      | Bought a potion of invisibility for 104 gold pieces
  3310 | D:4      | Bought a scroll of teleportation for 39 gold pieces
  3421 | D:4      | Reached skill level 1 in Earth Magic
  3871 | D:4      | HP: 1/24 [gnoll (5)]
  4417 | D:4      | Reached XP level 6. HP: 28/28 MP: 14/14
  4495 | D:4      | Bought a scroll of blinking for 97 gold pieces
  4635 | D:3      | Noticed a +0 short sword
  4635 | D:3      | Noticed a +0 spear
  4636 | D:3      | Noticed a +0 falchion
  4637 | D:3      | Noticed a +0 falchion
  5028 | D:3      | Noticed a +0 spear
  5028 | D:3      | Noticed a +0 dagger
  5029 | D:3      | Noticed a +0 dagger
  5031 | D:3      | Noticed a +0 short sword
  5042 | D:3      | Found a hide-covered altar of Uskayaw.
  5141 | D:3      | Noticed nlnlnn's ghost (weakling SpEn)
  5148 | D:3      | Found a transporter.
  5151 | D:3      | Found a transporter.
  5180 | D:3      | Found a radiant altar of Vehumet.
  5808 | D:4      | HP: 1/28 [kobold brigand (7)]
  6688 | D:5      | Reached XP level 7. HP: 21/32 MP: 15/15
  7308 | D:5      | Found a faded altar of an unknown god.
  7308 | D:5      | Found a broken altar of Ashenzari.
  7316 | D:5      | Found an ancient bone altar of Kikubaaqudgha.
  7326 | D:5      | Found a glowing golden altar of the Shining One.
  7339 | D:5      | Found a glowing silver altar of Zin.
  7454 | D:6      | Found a staircase to the Ecumenical Temple.
  7457 | D:6      | Noticed a two-headed ogre
  7479 | D:6      | Killed a two-headed ogre
  7480 | D:6      | Reached skill level 8 in Stealth
  7480 | D:6      | Reached XP level 8. HP: 15/36 MP: 14/18
  7498 | Temple   | Entered the Ecumenical Temple
  7783 | Temple   | Became a worshipper of Dithmenos the Shadowed
  8170 | D:6      | Reached skill level 9 in Stealth
  9330 | D:7      | Reached skill level 10 in Stealth
  9457 | D:7      | Reached * piety under Dithmenos
  9481 | D:7      | Reached XP level 9. HP: 13/39 MP: 17/21
 10299 | D:7      | Reached skill level 11 in Stealth
 10313 | D:7      | Noticed a six-headed hydra
 10336 | D:7      | Slain by a six-headed hydra

Illustrated notes

Levels and vault maps discovered:
D:1:      shiori_shiawase, layout_basic
D:2:      layout_basic, basic_altar, hellmonk_ecumenical_altar_prayer_group,
          uniq_jessica, uniq_robin
D:3:      due_chaos_kobolds, layout_basic, nicolae_uskayaw_en_pointe,
          nicolae_vehumet_altar_sigil, gammafunk_ghost_arena
D:4:      layout_loops_corners, serial_shops,
          nicolae_shop_competitors_out_of_business
D:5:      layout_rooms, chequers_temple_overflow_minitemple,
          minmay_misc_feat_pillars
D:6:      layout_loops_cross, minmay_temple_entry_water_ring
D:7:      layout_cave_pods, mainiacjoe_overflow_small_starburst,
          mainiacjoe_overflow_catwalk_spiral, minmay_manual_moon
Temple:   nicolae_temple_figure_zero

Skill      XL: |  1  2  3  4  5  6  7  8  9 |
---------------+----------------------------+-----
Spellcasting   | 3 4 5 6 7 8 |  8.4
Hexes          | 4 5 6 8 |  8.8
Earth Magic    | 2 4 |  4.7
Stealth        | 8 10 11 | 11.1
Short Blades   | |  1.1
Dodging        | |  2.6

Action                   |  1- 3 |  4- 6 |  7- 9 || total
-------------------------+-------+-------+-------++-------
Melee: Dagger            |   115 |   191 |   167 ||   473
Throw: Dart              |       |       |     1 ||     1
 Cast: Ensorcelled Hiber |    14 |    24 |    31 ||    69
       Tukima's Dance    |       |     6 |     9 ||    15
       Stone Arrow       |       |       |     4 ||     4
Evoke: Wand              |       |     4 |     3 ||     7
  Use: Scroll            |     1 |     7 |     4 ||    12
       Potion            |       |     1 |     3 ||     4
 Stab: Sleeping          |    19 |    24 |    16 ||    59
       Invisible         |       |     4 |       ||     4
Armor: Robe              |    17 |    19 |    19 ||    55
Dodge: Dodged            |    79 |   119 |   153 ||   351

Table legend: (Time is in decaauts)
 A = Elapsed time spent in this place.
 B = Non-inter-level travel time spent in this place.
 C = Inter-level travel time spent in this place.
 D = Time resting spent in this place.
 E = Time spent auto-exploring this place.
 F = Levels seen in this place.
 G = Mean time per level.
                   A        B        C        D        E       F      G
               +--------+--------+--------+--------+--------+-----+--------+
         Total |   8485 |   8339 |    146 |   1552 |   5560 |   8 | 1060.6 |
       Dungeon |   8239 |   8101 |    138 |   1552 |   5333 |   7 | 1177.0 |
        Temple |    245 |    238 |      7 |      0 |    226 |   1 |  245.0 |
               +--------+--------+--------+--------+--------+-----+--------+

Top non-repeatable levels by time:
     D:4: 1938 daAuts
     D:1: 1175 daAuts
     D:3: 1171 daAuts
     D:5: 1064 daAuts
     D:6: 1040 daAuts
     D:2: 932 daAuts
     D:7: 918 daAuts
  Temple: 245 daAuts
